[Event "*** Titled Tuesday Blitz AM"]
[Site "Chess.com"]
[Date "2020.01.07"]
[Round "1"]
[White "Duhless"]
[Black "M1711"]
[Result "1-0"]
[WhiteElo "3097"]
[BlackElo "2527"]
[TimeControl "180+2"]
[EndTime "9:09:11 PST"]
[Termination "Duhless won by resignation"]

1. Nf3 c5 2. e4 e6 3. d4 cxd4 4. Nxd4 Nc6 5. Nc3 Qc7 6. g3 a6 7. Bg2 Nf6 8. O-O d6 9. Nxc6 bxc6 10. b3 Be7 11. Bb2 O-O 12. Na4 Bb7 13. c4 c5 14.
Qe2 Rad8 15. Rad1 Bc6 16. Nc3 Rfe8 17. g4 Nd7 18. f4 Bf6 19. Kh1 Bd4 20. g5 Nf8 21. h4 d5 22. h5 Qb7 23. Rd2 Bxc3 24. Bxc3 dxe4 25. Rfd1 Qc7 26. Qe3 Rxd2 27. Rxd2 Rd8 28.
Qxc5 Rxd2 29. Bxd2 Qd7 30. Bb4 Qd1+ 31. Kh2 Qxh5+ 32.
Kg1 Qd1+ 33. Kf2 Qc2+ 34. Kg3 Qd3+ 35. Kh2 Ng6 36. Qxc6 h5 37. gxh6 gxh6 38. Qa8+ Kh7 39. Qxe4 Qd1 40. f5 Qh5+ 41. Bh3 exf5 42. Qxf5 Qe2+ 43.
Bg2 Kg8 44. Qe4 Qh5+ 45. Kg1 Qd1+ 46. Bf1 Qd8 47. Bc3 Qg5+ 48. Kf2 Nf4 49. Qe8+ Kh7 50. Qxf7+ 1-0

[Event "*** Titled Tuesday Blitz AM"]
[Site "Chess.com"]
[Date "2020.01.07"]
[Round "1"]
[White "CrgKrishna"]
[Black "Fandorine"]
[Result "0-1"]
[WhiteElo "2479"]
[BlackElo "2886"]
[TimeControl "180+2"]
[EndTime "9:09:16 PST"]
[Termination "Fandorine won by resignation"]

1. Nf3 Nf6 2. g3 g6 3. Bg2 Bg7 4. O-O O-O 5. c4 d6 6. d4 Nc6 7.
Nc3 a6 8. b3 Bf5 9. Bb2 Ne4 10.
Nd5 Nf6 11. Nh4 Bd7 12. Qd2 Rc8 13. e4 Ne8 14. Rad1 Bg4 15. f3 Bd7 16. f4 e6 17.
Ne3 Ne7 18. f5 exf5 19. e5 b5 20. Bb7 Rb8 21. Bxa6 c6 22. cxb5 cxb5 23. a4 bxa4 24. bxa4 Qb6 25. Bb5 Bxb5 26. axb5 Qxb5 27. Ba3 Ra8 28.
exd6 Nd5 29. d7 Rxa3 30. d8=Q Nxe3 31. Qe7 Nxf1 32. Rxf1 Rd3 33. Qdb4 Qd5 34. Ng2 Rxd4 35. Qbc5 Qxc5 36. Qxc5 Nd6 37. Kh1 Ne4 38. Qa7 Rfd8 39. Nf4 R4d7 40. Qb6 Bd4 41. Qb5 Be3 42. Qe5 Bxf4 43.
Qxf4 h5 44. Re1 Rd2 45. Rf1 Re2 46. Ra1 Nf2+ 47. Kg2 Nd3+ 0-1

[Event "*** Titled Tuesday Blitz AM"]
[Site "Chess.com"]
[Date "2020.01.07"]
[Round "1"]
[White "2nd_life"]
[Black "GMKrikor"]
[Result "0-1"]
[WhiteElo "2486"]
[BlackElo "2886"]
[TimeControl "180+2"]
[EndTime "9:09:18 PST"]
[Termination "GMKrikor won by resignation"]

1. e4 c5 2. Nf3 g6 3. d4 cxd4 4. Qxd4 Nf6 5. Nc3 Nc6 6. Qa4 d6 7. e5 dxe5 8. Nxe5 Qd4 9. Qxd4 Nxd4 10. Bd3 Bf5 11. Nb5 Bxd3 12. Nc7+ Kd8 13. Nxa8 Nxc2+ 14. Kd2 Nxa1 15. Kxd3 Rg8 16. Nxf7+ Kd7 17. Ne5+ Ke6 18.
Re1 Bg7 19. Nc7+ Kd6 20. Nb5+ Kc5 21. Nd4 Rd8 22. Be3 Nh5 23. Rc1+ Kd5 24. f4 Nxf4+ 25.
Bxf4 Bxe5 26. Bxe5 Kxe5 27. Re1+ Kf6 28. Rxa1 e5 29.
Rf1+ Ke7 30. Ke4 Rxd4+ 31. Kxe5 Rd2 32. Rc1 Kd7 33. Rf1 Re2+ 34. Kd5 Rd2+ 35. Ke5 Rxg2 36. Rf7+ Kc6 37. Rxh7 Rxb2 38. a4 Ra2 39. Rh6 Rxa4 40. Rxg6+ Kc5 41. Rg7 b5 42. Rc7+ Kb6 43. Rc1 Rh4 44.
Rh1 a5 45. Kf5 a4 46. Kg5 Rh3 47. Kg4 Rh8 48. h4 b4 49. Kf4 Kb5 50. Ke4 Kc4 51. Rc1+ Kb3 52. Rh1 a3 53. Kd4 a2 54. Rh3+ Kb2 55.
Rh2+ Ka3 0-1

[Event "*** Titled Tuesday Blitz AM"]
[Site "Chess.com"]
[Date "2020.01.07"]
[Round "1"]
[White "rasmussvane"]
[Black "esskeettit"]
[Result "1-0"]
[WhiteElo "2852"]
[BlackElo "2460"]
[TimeControl "180+2"]
[EndTime "9:09:27 PST"]
[Termination "rasmussvane won on time"]

1. Nf3 d5 2. g3 Nf6 3. Bg2 e6 4. O-O Be7 5. c4 O-O 6. b3 c6 7. Bb2 b6 8. d3 Bb7 9. Nbd2 a5 10. e4 Na6 11. Qe2 Nb4 12. a3 dxe4 13. dxe4 Qd3 14. Qd1 Na6 15. Ne5 Qd8 16. Qe2 Qc7 17.
Rfd1 Rfd8 18. Nef3 Nc5 19. Bc3 Ba6 20. b4 Nd3 21. e5 Ng4 22. Ne4 Bxc4 23. Nfd2 Ndxf2 24. Qxc4 Nxd1 25. Rxd1 Ne3 26. Qe2 Nxd1 27. Qxd1 axb4 28.
axb4 Rd7 29. Qg4 Rad8 30. Nf6+ Bxf6 31. exf6 g6 32. Qg5 Qd6 33. h4 c5 34. b5 c4 35. Kh2 Qc5 36. Qf4 Rd3 37. Ne4 Qf8 38.
Be5 c3 39. Bxc3 R8d5 40. Be5 Rd7 41. h5 Rd1 42. hxg6 hxg6 43. Qh4 R7d4 44. Bf3 R4d2+ 45. Kh3 Qb4 46. Bc3 Qc4 47. Bxd2 Qf1+ 48. Bg2 Qf5+ 49. Kh2 Qe5 50. Bg5 Qa1 51. Qh6 1-0

[Event "*** Titled Tuesday Blitz AM"]
[Site "Chess.com"]
[Date "2020.01.07"]
[Round "1"]
[White "PelinGorki"]
[Black "Bulldog167"]
[Result "0-1"]
[WhiteElo "2380"]
[BlackElo "2726"]
[TimeControl "180+2"]
[EndTime "9:09:28 PST"]
[Termination "Bulldog167 won by resignation"]

1. e4 e6 2. Nc3 d5 3. d4 Bb4 4. Ne2 dxe4 5. a3 Bxc3+ 6. Nxc3 Nc6 7. Bb5 Ne7 8. Nxe4 O-O 9. Be3 Qd5 10. Bd3 f5 11. c4 Qd8 12. Ng5 h6 13. h4 f4 14.
Bd2 Nxd4 15. Bc3 e5 16. Bh7+ Kh8 17. Qd3 Bf5 18. Bxf5 Nexf5 19. Ne4 Nb3 20. Rd1 Qxd3 21. Rxd3 Rad8 22. Ke2 Rxd3 23. Kxd3 Rd8+ 24. Kc2 Nbd4+ 25. Kb1 f3 26. g4 Nd6 27. Nd2 c5 28. g5 e4 29. gxh6 gxh6 30. Re1 Re8 31. b4 b6 32. Nb3 Kh7 33. Nxd4 cxd4 34. Bxd4 Nxc4 35. Rc1 Nxa3+ 36. Kb2 Nb5 37. Be3 Rd8 38. Rc6 Rd6 39. Rc8 Re6 40. Kb3 Kg6 41. Rg8+ Kh5 42. Kc4 a6 43. Kd5 Nc7+ 44.
Kc4 Kxh4 45. Rg7 Rc6+ 46. Kd4 Ne6+ 47. Kd5 Nxg7 48. Kxc6 Nf5 49. Bxb6 e3 50. b5 axb5 51. Kxb5 e2 52. Ba5 Kh3 53. Kc4 Kg2 0-1

[Event "*** Titled Tuesday Blitz AM"]
[Site "Chess.com"]
[Date "2020.01.07"]
[Round "1"]
[White "chigorin28"]
[Black "SantoBlue"]
[Result "0-1"]
[WhiteElo "2406"]
[BlackElo "2780"]
[TimeControl "180+2"]
[EndTime "9:09:31 PST"]
[Termination "SantoBlue won by resignation"]

1. e4 e5 2. Bc4 Nf6 3. d3 c6 4. Nf3 d5 5. Bb3 Bd6 6. O-O O-O 7. Re1 Bg4 8. Nbd2 Nbd7 9. c3 Nc5 10.
Bc2 Re8 11. h3 Bh5 12. Nf1 Ne6 13. Ng3 Bxf3 14. Qxf3 g6 15. Bh6 Bf8 16. Bxf8 Nxf8 17. Bb3 Kg7 18. Rad1 d4 19. Qe2 Ne6 20. Bxe6 Rxe6 21.
c4 Nd7 22. Rf1 Rf6 23. Qg4 Kh8 24. Ne2 h5 25. Qg3 Qe7 26. f4 exf4 27. Rxf4 Rxf4 28. Qxf4 Ne5 29. Qf2 Rd8 30. a3 Qg5 31. Kh2 Kg8 32.
Qg3 Qxg3+ 33. Kxg3 a5 34. Ng1 a4 35. Nf3 Nd7 36.
Nxd4 Nc5 37. Nf3 Rxd3 38. Re1 Rb3 39. Re2 Kg7 40. e5 Nd3 41. e6 fxe6 42. Rxe6 Nxb2 43. Kf4 Nxc4 44. g4 hxg4 45. hxg4 Rxa3 46. g5 Rb3 47.
Re7+ Kf8 48. Rd7 a3 49. Nd4 Ke8 50. Rh7 Rb1 51. Ne6 Rf1+ 52. Kg3 Re1 53. Ng7+ Kd8 54. Rh8+ Kd7 55. Ra8 Re7 56. Ra4 Nd6 0-1

[Event "*** Titled Tuesday Blitz AM"]
[Site "Chess.com"]
[Date "2020.01.07"]
[Round "1"]
[White "CarlosAlbornoz"]
[Black "LogoCzar"]
[Result "1-0"]
[WhiteElo "2762"]
[BlackElo "2398"]
[TimeControl "180+2"]
[EndTime "9:09:36 PST"]
[Termination "CarlosAlbornoz won by resignation"]

1. e4 e5 2. Nf3 Nc6 3. Bb5 Nf6 4. d3 Bc5 5. O-O d6 6. c3 O-O 7. h3 Bb6 8. Bg5 h6 9. Bh4 g5 10. Nxg5 hxg5 11. Bxg5 Kg7 12. Kh1 Ne7 13. f4 Nh7 14.
Bh4 c6 15. Bc4 Qd7 16. fxe5 dxe5 17. Nd2 Ng6 18. Bg3 Ng5 19. Nf3 Nxh3 20. gxh3 Qxh3+ 21. Bh2 Bg4 22. Qe2 Rh8 23. Qg2 Qxg2+ 24. Kxg2 Bh3+ 25. Kh1 Bxf1 26. Rxf1 Rh3 27. Ng5 Rxh2+ 28. Kxh2 Rh8+ 29. Kg3 Nf4 30. Nxf7 Rh3+ 31. Kg4 Rh2 32. Nxe5 Ng6 33. Rf7+ Kh6 34. Rf6 Rg2+ 35. Kh3 Rg5 36.
Nf7+ Kg7 37. Nxg5 Kxf6 38. Nf3 Ne5 39. Nxe5 Kxe5 40. Kg4 Be3 41. Kf3 Bc1 42. d4+ Kf6 43. e5+ Ke7 44. Ke2 Bxb2 45. Kd3 b6 46. Bb3 Bc1 47.
c4 Ba3 48. d5 cxd5 49. cxd5 Bb4 50. d6+ Bxd6 51. exd6+ Kxd6 52. Kc4 Kc6 53. Kb4 a5+ 54. Kc4 b5+ 55. Kc3 Kc5 56. Bd1 Kd5 57. Be2 Kc5 58. Bf1 Kb6 59. Kd4 Kc6 60. Be2 b4 61.
Kc4 Kb6 62. Bf3 Ka6 63. Kc5 b3 64. axb3 a4 65. bxa4 Ka5 66. Bd1 Ka6 67. Kb4 Kb6 68.
a5+ Ka6 69. Be2+ Ka7 70. Kb5 Kb7 71. a6+ Ka7 72. Bf3 Kb8 73. Kb6 Kc8 74. a7 1-0

[Event "*** Titled Tuesday Blitz AM"]
[Site "Chess.com"]
[Date "2020.01.07"]
[Round "1"]
[White "ALeks_Ivlev"]
[Black "Endgamegenius"]
[Result "0-1"]
[WhiteElo "2616"]
[BlackElo "2292"]
[TimeControl "180+2"]
[EndTime "9:09:40 PST"]
[Termination "Endgamegenius won by resignation"]

1. d4 Nf6 2. c4 g6 3. Nc3 Bg7 4. e4 d6 5. Be2 O-O 6. Bg5 c5 7. d5 Nbd7 8. Qd2 a6 9. a4 Rb8 10. h4 Qa5 11. Rd1 Nb6 12. h5 Qb4 13. e5 dxe5 14.
Rh4 Nxa4 15. Nxa4 Qxa4 16. Kf1 Bd7 17. Bh6 b5 18. Bxg7 Kxg7 19. hxg6 fxg6 20. Qh6+ Kg8 21.
Nf3 Bg4 22. Nxe5 Bxe2+ 23. Kxe2 bxc4 24. Nxc4 Rb4 25. Rc1 Rf7 26. Kf1 Nxd5 27. Kg1 e5 28. Qg5 Nf4 29. Rxf4 exf4 30. Ne5 Rd4 31. Nxf7 Rd1+ 32.
Kh2 Rxc1 33. Nh6+ Kg7 34. Nf5+ Kf8 35. Qd8+ Qe8 36. Qf6+ Qf7 37. Qd6+ Ke8 38. Qb8+ Kd7 39. Qb7+ Ke6 40. Qc8+ Kf6 41. Nh4 Rd1 42. Qh8+ Ke7 43.
Qb8 Qe6 44. Qxf4 Qd6 45. Qxd6+ Kxd6 46. Nf3 c4 47. Kg3 a5 48. Kf4 a4 49. Ke3 c3 50.
bxc3 a3 51. Ke2 a2 52. Kxd1 a1=Q+ 53. Kd2 Qb2+ 54. Ke3 Qxc3+ 55. Kf4 h6 56. Kg3 g5 57. Kg4 Ke6 58. Kg3 Kf5 0-1

[Event "*** Titled Tuesday Blitz AM"]
[Site "Chess.com"]
[Date "2020.01.07"]
[Round "1"]
[White "crescentmoon2411"]
[Black "angryhorse9"]
[Result "1-0"]
[WhiteElo "2701"]
[BlackElo "2262"]
[TimeControl "180+2"]
[EndTime "9:09:42 PST"]
[Termination "crescentmoon2411 won by resignation"]

1. e4 c5 2. Nf3 e6 3. g3 Nc6 4.
Bg2 Nf6 5. d3 e5 6. Nc3 Be7 7.
O-O O-O 8. Nd2 d6 9. Nc4 Bg4 10. f3 Be6 11. f4 exf4 12. Bxf4 d5 13. Ne5 Nxe5 14. Bxe5 d4 15. Ne2 Ng4 16. Bf4 Bg5 17.
Qd2 Bxf4 18. Nxf4 Ne3 19. Rf2 Qd6 20. Re1 a5 21. c4 a4 22. Bf3 Rab8 23. Ng2 b5 24.
Nxe3 dxe3 25. Qxe3 bxc4 26. dxc4 Bxc4 27. Rd2 Qe5 28. Qa3 Rb4 29. Rc1 Rfb8 30. Rdc2 Qd4+ 31. Kh1 Rxb2 32. Rxb2 Rxb2 33. Qxa4 g6 34. Bg2 Qf2 35.
Rg1 Bf1 36. Qe8+ Kg7 37. Qe5+ f6 38. Qc7+ Kh6 39. Qf4+ Qxf4 40. gxf4 Bxg2+ 41. Rxg2 Rb1+ 42. Rg1 Rb4 43. Re1 Ra4 44. Re2 Kh5 45. h3 Kh4 46. Kg2 Ra3 47. e5 fxe5 48. fxe5 Rg3+ 49. Kf2 Rxh3 50. e6 Rh2+ 51. Ke1 1-0

[Event "*** Titled Tuesday Blitz AM"]
[Site "Chess.com"]
[Date "2020.01.07"]
[Round "1"]
[White "INLOVEWITHF"]
[Black "Lunaticx"]
[Result "0-1"]
[WhiteElo "2458"]
[BlackElo "2848"]
[TimeControl "180+2"]
[EndTime "9:09:44 PST"]
[Termination "Lunaticx won by resignation"]

1. e4 c5 2. Nf3 d6 3. d4 cxd4 4. Nxd4 Nf6 5. Nc3 a6 6. Be3 e5 7. Nb3 Be6 8. h3 Nbd7 9. f4 Qc7 10. f5 Bc4 11. Qf3 Rc8 12. Nd2 Bxf1 13. Rxf1 b5 14.
a3 Qb7 15. g4 h6 16. h4 b4 17. axb4 Qxb4 18. Ra2 d5 19. exd5 Nxg4 20. Nde4 Nh2 21. Qe2 Nxf1 22. Qxa6 Qb8 23. Kxf1 Be7 24. d6 Bd8 25.
Ba7 Qa8 26. Qb5 Rxc3 27. Nxc3 Qf3+ 28. Kg1 Qg4+ 29. Kf2 Bxh4+ 30. Ke3 Qxf5 31. Nd5 Qf2+ 32. Kd3 Qf1+ 33. Kd2 Qe1+ 34. Kd3 Qf1+ 35. Kd2 Bg5+ 36. Kc3 Qf3+ 37. Kb4 O-O 38. c4 Bd2+ 39. Ka4 Ra8 40. Qb7 Rxa7+ 41. Qxa7 Qd3 42. Qxd7 Qxc4+ 43. b4 Qxa2+ 44.
Kb5 Qxd5+ 45. Kb6 Bxb4 46. Qe8+ Kh7 47. d7 Ba5+ 48. Ka6 Bc7 49. Qc8 Qc6+ 50. Ka7 Qb6+ 51. Ka8 Qa5+ 52. Kb7 Bd8 53. Qc2+ g6 54. Qc4 Kg7 55.
Kc8 Bf6 56. Qe4 Qd8+ 0-1

[Event "*** Titled Tuesday Blitz AM"]
[Site "Chess.com"]
[Date "2020.01.07"]
[Round "1"]
[White "Everyfishknows"]
[Black "mbojan"]
[Result "0-1"]
[WhiteElo "2332"]
[BlackElo "2705"]
[TimeControl "180+2"]
[EndTime "9:09:44 PST"]
[Termination "mbojan won by resignation"]

1. Nf3 g6 2. e4 Bg7 3. d4 d6 4. Bd3 Nc6 5. c3 Nf6 6. O-O O-O 7. Re1 e5 8. Nbd2 Re8 9. h3 h6 10. Nf1 Bd7 11. Ng3 Kh7 12. Be3 a6 13. a4 Qc8 14.
Nh4 Qd8 15. Nf3 Qe7 16. Bc2 exd4 17. cxd4 Nb4 18. Bb3 d5 19. e5 Ne4 20. Nxe4 dxe4 21. Nd2 Bc6 22. Qg4 h5 23. Qf4 Nd3 24. Qxf7 Nxe1 25. Qxe7 Rxe7 26. Rxe1 Bh6 27. Bxh6 Kxh6 28. d5 Be8 29. e6 Rd8 30. Nxe4 g5 31. Rc1 b6 32.
Ng3 Bg6 33. f3 Kg7 34. Kf2 Kf6 35. Ne4+ Bxe4 36. fxe4 Ke5 37. Ke3 Rf8 38. g3 g4 39.
hxg4 hxg4 40. Bd1 Rf1 41. Ke2 Rf3 42. Bc2 Rh7 43. Rd1 Rxg3 44. Kd2 Rf3 45. Rg1 g3 46. Kc1 Rg7 47. b3 Kd6 48. Kb2 Rf2 49. Kc3 g2 50.
e5+ Kxe5 51. Re1+ Kd6 52. e7 Rxe7 53. Rg1 Rg7 54. Be4 Rf1 55. Rxg2 Rxg2 56. Bxg2 Rf2 57.
Be4 Ke5 58. Bh1 Rh2 59. Bf3 Rh3 0-1

[Event "*** Titled Tuesday Blitz AM"]
[Site "Chess.com"]
[Date "2020.01.07"]
[Round "1"]
[White "FearlessKing64"]
[Black "BocharovD"]
[Result "0-1"]
[WhiteElo "2396"]
[BlackElo "2768"]
[TimeControl "180+2"]
[EndTime "9:09:49 PST"]
[Termination "BocharovD won by resignation"]

1. e4 c5 2. Nf3 d6 3. d4 cxd4 4. Nxd4 Nf6 5. f3 a6 6. c4 e6 7.
Nc3 Be7 8. Be2 O-O 9. O-O Qc7 10. Be3 Nbd7 11. Qd2 b6 12. Rac1 Bb7 13. Rfd1 Rac8 14. Kh1 Qb8 15. Bf1 Rfe8 16. Qf2 Bd8 17. Qg1 Bc7 18.
Bf2 Qa8 19. b4 d5 20. cxd5 exd5 21. Nxd5 Nxd5 22. exd5 Bxd5 23. a4 Ne5 24. Bg3 g6 25. Qf2 Qb7 26. b5 axb5 27. axb5 Bb8 28. Rxc8 Rxc8 29.
Qd2 Nc4 30. Bxc4 Rxc4 31. Bxb8 Qxb8 32. Nf5 gxf5 33. Qxd5 Rc5 34. Qd7 h6 35. h3 Kg7 36.
Qd4+ Qe5 37. Qxe5+ Rxe5 38. Rb1 Kf6 39. Kh2 Rc5 40. Kg3 Kg5 41. h4+ Kf6 42. Kf4 Rc4+ 43. Kg3 h5 44. Rd1 f4+ 45. Kh3 Ke6 46. Re1+ Kf5 47. Rd1 Rc5 48. Rb1 Ke5 49. Rb4 Rc1 50. Kh2 f5 51. Rb2 Rc3 52. Kh3 Kd5 53. Kh2 Kc4 54.
Re2 Kxb5 55. Re6 Rc6 56. Re5+ Rc5 57. Re6 Ka5 58. Rh6 b5 59. Rxh5 b4 60. Rh8 b3 61. Ra8+ Kb4 62. Kh3 b2 63. Rb8+ Rb5 0-1

[Event "*** Titled Tuesday Blitz AM"]
[Site "Chess.com"]
[Date "2020.01.07"]
[Round "1"]
[White "Mikasinski"]
[Black "kleinebeer98"]
[Result "0-1"]
[WhiteElo "2299"]
[BlackElo "2674"]
[TimeControl "180+2"]
[EndTime "9:09:52 PST"]
[Termination "kleinebeer98 won by resignation"]

1. e4 e5 2. Nf3 Nc6 3. Nc3 Nf6 4. Bb5 Bd6 5. O-O O-O 6. Bxc6 bxc6 7. d4 exd4 8. Qxd4 c5 9. Qd3 Ng4 10. e5 Bxe5 11. Qe4 d5 12. Nxd5 Be6 13. Nxe5 Nxe5 14.
Qxe5 Qxd5 15. Qxd5 Bxd5 16. Rd1 Rfd8 17. Be3 Bxa2 18.
Bxc5 Rxd1+ 19. Rxd1 Be6 20. Bxa7 f6 21. Be3 Kf7 22. f3 g5 23. Kf2 Ra2 24. Bd4 Bf5 25. Rd2 h5 26. Bc3 Kg6 27. Ke3 Ra1 28. g3 Rc1 29.
Ba5 c6 30. c3 Be6 31. Bb4 Bd5 32. f4 Kf5 33. fxg5 fxg5 34. Rf2+ Kg4 35. Be7 Re1+ 36.
Re2 Rb1 37. Kd4 Kf3 38. Rd2 g4 39. c4 Bg8 40. Kc5 Re1 41. Bd6 Rc1 42. Rd4 Kg2 43. Kxc6 Bxc4 44. b4 Kxh2 45. Kb6 Kh3 46. Re4 h4 47. gxh4 Kxh4 48. Be7+ Kh3 49. Bc5 g3 50. Re8 g2 51. Rh8+ Kg3 52. Rh7 Rb1 53. Rg7+ Kh2 54. Rh7+ Kg3 55. Rg7+ Kf3 56. Kc6 Be6 57. b5 Bg4 58. b6 Kf4 59. Kd6 Rd1+ 60. Kc7 Rc1 61.
b7 Rxc5+ 62. Kb6 g1=Q 63. b8=Q+ Re5+ 64. Kc6 Bf3+ 65. Kd7 Qxg7+ 66. Kd6 0-1

[Event "*** Titled Tuesday Blitz AM"]
[Site "Chess.com"]
[Date "2020.01.07"]
[Round "1"]
[White "FMAntonio"]
[Black "nihalsarin"]
[Result "0-1"]
[WhiteElo "2525"]
[BlackElo "3068"]
[TimeControl "180+2"]
[EndTime "9:10:07 PST"]
[Termination "nihalsarin won by resignation"]

1. d4 Nf6 2. c4 g6 3. Nc3 d5 4. e3 Bg7 5. Qb3 c6 6. Nf3 O-O 7. Be2 dxc4 8. Bxc4 Nbd7 9. O-O Nb6 10.
Be2 Be6 11. Qc2 Rc8 12. e4 Bg4 13. Rd1 Qc7 14. Bg5 Bxf3 15. Bxf3 e5 16. dxe5 Qxe5 17. Bh4 Nh5 18. a4 Rfe8 19. Qb3 Qa5 20. Rd2 Bf6 21. Bxf6 Nxf6 22. Rad1 Qc5 23. h3 h5 24. Rd6 Kg7 25. Qc2 Nc4 26. R6d4 Ne5 27. Be2 a5 28. Kh1 g5 29. Qd2 Ng6 30. Rc4 Qe5 31. b4 Rcd8 32. Rd4 Rxd4 33. Qxd4 axb4 34. Qxb4 Nxe4 35. Nxe4 Qxe4 36. Qb2+ Qe5 37. Qxe5+ Rxe5 38. Bxh5 Nf4 39. Bf3 Ra5 40. Rb1 Ra7 41. a5 Nd3 42. a6 bxa6 43. Bxc6 Nxf2+ 44. Kg1 Nd3 45. Rf1 a5 46.
Bb5 Ne5 47. Kf2 a4 48. Ke3 Ra5 49. Be2 a3 50. Kd4 Nc6+ 51. Kc3 Rc5+ 52. Kd3 a2 53.
Ra1 Nb4+ 54. Kd2 Rc2+ 55. Kd1 Rb2 56. Bf3 Rb1+ 0-1

[Event "*** Titled Tuesday Blitz AM"]
[Site "Chess.com"]
[Date "2020.01.07"]
[Round "1"]
[White "joppie2"]
[Black "KRASAVCHIK2002"]
[Result "1/2-1/2"]
[WhiteElo "2850"]
[BlackElo "2473"]
[TimeControl "180+2"]
[EndTime "9:10:09 PST"]
[Termination "Game drawn by agreement"]

1. e4 e5 2. Nf3 Nc6 3. Bc4 Nf6 4.
d3 h6 5. O-O d6 6. c3 g5 7. Re1 Bg7 8. d4 Bg4 9. dxe5 Nxe5 10.
Be2 Bxf3 11. Bxf3 Qd7 12. Nd2 h5 13. Be2 g4 14. Nc4 h4 15. Nxe5 dxe5 16. Qxd7+ Nxd7 17. Bg5 Bf6 18. Be3 g3 19. fxg3 hxg3 20. hxg3 Rg8 21.
Kf2 Bg5 22. Bxg5 Rxg5 23. Rad1 Ke7 24. Rd3 Rag8 25. Re3 Nf6 26. Bd1 Rg4 27. Bxg4 Nxg4+ 28. Kf3 Nxe3 29. Rxe3 Rg6 30. Rd3 Rb6 31. Rd2 Ra6 32. a3 Rf6+ 33. Kg4 Rg6+ 34. Kf5 Rxg3 35. Kxe5 Rg6 36.
Kf4 Rf6+ 37. Ke3 Rf1 38. Rf2 Rg1 39. Kf4 Ke6 40. g4 a5 41. g5 a4 42. Rd2 c6 43. Rd4 b5 44. c4 Rf1+ 45. Ke3 Rg1 46. cxb5 cxb5 47. Rd5 Rg3+ 48. Kf4 Rb3 49. Rd2 b4 50.
axb4 Rxb4 51. Rc2 Rb3 52. Rc6+ Ke7 53. Rc2 a3 54. bxa3 Rxa3 55. Rc7+ Ke6 56. Rc6+ Ke7 57. Kf5 Rg3 58. Rc7+ Kf8 59. Ra7 Rg1 60. Ra3 Rf1+ 61.
Ke5 Kg7 62. Rg3 Kg6 63. Rg2 Rb1 64. Kf4 Rf1+ 65. Ke5 Rb1 66. Rg4 Rd1 67. Rf4 Ra1 68.
Rf6+ Kg7 69. Rd6 Rg1 70. Kf4 Rf1+ 71. Ke3 Re1+ 72. Kf3 Rf1+ 73. Kg2 Rf4 74. g6 fxg6 75. Rd4 g5 76. Kg3 Kf6 77. Ra4 Ke5 78. Ra5+ Kxe4 79. Rxg5 Rf3+ 80. Kg2 Re3 81. Rg4+ Kd3 82. Kf2 Re2+ 83.
Kf1 Re8 84. Rg3+ 1/2-1/2

[Event "*** Titled Tuesday Blitz AM"]
[Site "Chess.com"]
[Date "2020.01.07"]
[Round "1"]
[White "PotapovaM"]
[Black "DanielNaroditsky"]
[Result "0-1"]
[WhiteElo "2526"]
[BlackElo "3090"]
[TimeControl "180+2"]
[EndTime "9:10:10 PST"]
[Termination "DanielNaroditsky won by resignation"]

1. d4 Nf6 2. c4 g6 3. Nc3 Bg7 4. e4 d6 5. Nf3 O-O 6. h3 e5 7.
d5 a5 8. Be3 Na6 9. g4 Nc5 10.
Nd2 c6 11. Be2 a4 12. h4 Qa5 13. Qc2 Nxg4 14. h5 Nxe3 15. fxe3 Qd8 16. O-O-O Qg5 17.
Kb1 Qxe3 18. Rde1 Bd7 19. Bg4 Qg5 20. Bxd7 Nxd7 21. Reg1 Qe7 22. Qd3 Nf6 23. hxg6 fxg6 24. Qh3 Nh5 25. Nf3 Rf4 26. Ng5 a3 27. Nxh7 Kxh7 28.
Rxg6 Rh4 29. Qxh4 Qxh4 30. Rxg7+ Kxg7 31. Rxh4 Nf4 32. bxa3 Rxa3 33. Kb2 Ra8 34. Rg4+ Kf6 35. Rh4 Rg8 36. Rh7 Rg2+ 37. Kb3 Rg3 38. Kb2 Nd3+ 39. Kc2 Nc5 40. dxc6 bxc6 41. Rh6+ Ke7 42. Rh7+ Ke6 43. Rh6+ Kd7 44. Rh7+ Kc8 45. Rh6 Kb7 46. a4 Rd3 47.
Kb2 Rd4 48. Rg6 Rxc4 49. Na2 Nxe4 50. Nc1 Rxa4 51. Nb3 Rb4 52. Rg7+ Kb6 53. Kc2 Nc5 54. Nd2 d5 55. Kc3 Rh4 56. Rg6 Kb5 57. Kc2 e4 58.
Rg8 Rh2 59. Rb8+ Ka6 60. Kc3 Na4+ 61. Kc2 e3 62. Ra8+ Kb5 63. Rb8+ Nb6 0-1

[Event "*** Titled Tuesday Blitz AM"]
[Site "Chess.com"]
[Date "2020.01.07"]
[Round "1"]
[White "arjwezhrtdrz"]
[Black "korbul"]
[Result "0-1"]
[WhiteElo "2271"]
[BlackElo "2658"]
[TimeControl "180+2"]
[EndTime "9:10:12 PST"]
[Termination "korbul won by resignation"]

1. e4 c5 2. c3 d5 3. exd5 Nf6 4. d4 cxd4 5. Qxd4 Qxd5 6. Qxd5 Nxd5 7. Nf3 Nc6 8. Bb5 Bd7 9. O-O f6 10. Re1 e5 11. Nd4 Be7 12. Nxc6 bxc6 13. Bc4 a5 14. a4 Rb8 15. Nd2 O-O 16. Nb3 Bd8 17. Nc5 Bc8 18. Re2 Bb6 19. Ne4 Rd8 20. Be3 Bxe3 21.
fxe3 Bg4 22. Rd2 Kf8 23. Re1 Ke7 24. h3 Be6 25. Bf1 Nc7 26. Red1 Rxd2 27. Rxd2 Bd5 28. Nc5 Ne6 29. Nxe6 Bxe6 30. Be2 Bb3 31. Kf2 Bxa4 32.
Bc4 Rd8 33. Rxd8 Kxd8 34. g3 c5 35. h4 Ke7 36. e4 Bd7 37. Ke3 g6 38. Bg8 h6 39. Bd5 Be6 40. Bb7 Bh3 41. Bc6 Bg2 42. Bb5 f5 43. exf5 gxf5 44. Bd3 Kf6 45. Bc2 Bd5 46. Bd3 Be6 47. Bc2 Ke7 48. Bd3 Kd6 49. Bc2 Kc6 50. Ba4+ Kd5 51. Be8 Kc4 52.
Ba4 Bc8 53. Bc2 Bd7 54. Bd1 a4 55. Bc2 a3 56. Bd3+ Kb3 57. bxa3 Kxc3 58. Be2 c4 59. g4 fxg4 60. Ke4 Bc6+ 61. Kxe5 g3 62. Bf1 g2 63.
Bxg2 Bxg2 64. a4 Kb3 65. a5 c3 0-1

[Event "*** Titled Tuesday Blitz AM"]
[Site "Chess.com"]
[Date "2020.01.07"]
[Round "1"]
[White "Vugar_Manafov"]
[Black "OparinGrigoriy"]
[Result "0-1"]
[WhiteElo "2523"]
[BlackElo "3036"]
[TimeControl "180+2"]
[EndTime "9:10:17 PST"]
[Termination "OparinGrigoriy won by resignation"]

1. Nf3 Nf6 2. g3 d5 3. Bg2 c5 4. O-O g6 5. d3 Bg7 6. Nc3 Nc6 7. e4 O-O 8. Re1 dxe4 9. dxe4 Qxd1 10. Rxd1 Bg4 11.
Be3 b6 12. h3 Bxf3 13. Bxf3 Rad8 14. Rxd8 Rxd8 15. Rd1 Rxd1+ 16. Bxd1 Nd7 17. Bd2 h5 18. f4 Bd4+ 19. Kg2 f6 20. a3 Kf7 21. b3 e6 22.
Ne2 Bb2 23. a4 Nb4 24. c3 Nc6 25. Bc2 e5 26. Bd3 Ke7 27. Kf2 Na5 28. b4 Nc6 29.
Ke1 Ba3 30. b5 Na5 31. c4 Bb4 32. Kd1 Bxd2 33. Kxd2 Nb3+ 34. Ke3 Nd4 35. Ng1 exf4+ 36. gxf4 g5 37. fxg5 fxg5 38. Ne2 Nxe2 39. Bxe2 h4 40.
Bd1 Ne5 41. Be2 Kf6 42. Kf2 Ng6 43. Ke3 Ke5 44. Bh5 Nf4 45. Bg4 Ng2+ 46. Kf2 Nf4 47. Ke3 Kf6 48. Bd7 Ng6 49. Bg4 Ne5 50. Be2 Ke7 51.
Kf2 Kd6 52. Ke3 Kc7 53. Kf2 a6 54. Ke3 a5 55. Kf2 Kd6 56. Ke3 Ng6 57. Bh5 Nf4 58. Bg4 Ke5 59. Bf5 Nh5 60. Bg4 Nf6 61. Bf5 Ne8 62.
Bg4 Nd6 63. Be2 Nxe4 64. Bd3 Nf6 65. Be2 Ne4 66. Bd3 Nd6 67. Be2 Nf5+ 68. Kd3 Kf4 69.
Bg4 Ne3 70. Bc8 g4 71. hxg4 Nxg4 72. Ke2 h3 73. Bb7 h2 74. Bc6 Ne5 75. Bd5 Nxc4 0-1

[Event "*** Titled Tuesday Blitz AM"]
[Site "Chess.com"]
[Date "2020.01.07"]
[Round "1"]
[White "Philosopherrr"]
[Black "JSPrepz"]
[Result "0-1"]
[WhiteElo "2432"]
[BlackElo "2820"]
[TimeControl "180+2"]
[EndTime "9:10:19 PST"]
[Termination "JSPrepz won by resignation"]

1. e4 e5 2. Nf3 Nc6 3. Bb5 f5 4. d3 fxe4 5. dxe4 Nf6 6. O-O d6 7. Qd3 Bg4 8. Nc3 a6 9. Ba4 Qd7 10. Bg5 Be7 11. Bxf6 Bxf6 12. Nd5 O-O 13. h3 Bh5 14. Nxf6+ Rxf6 15. Nxe5 Nxe5 16. Bxd7 Nxd3 17. cxd3 Be2 18. Rfc1 c5 19. Rc3 b5 20. f3 b4 21. Rb3 a5 22. a4 Raf8 23. Bb5 Kh8 24. Bc4 g5 25. Re1 Bxf3 26. gxf3 Rxf3 27. d4 Rxb3 28.
Bxb3 Rf3 29. Be6 cxd4 30. Kg2 Rd3 31. Bc4 Rd2+ 32. Re2 Rd1 33. Rf2 d3 34. Kf3 d2 35.
Ke2 Rb1 36. Kxd2 Rxb2+ 37. Ke3 Rb1 38. Bd5 Ra1 39. Rf8+ Kg7 40. Rg8+ Kf6 41. Rf8+ Kg7 42. Rd8 Rxa4 43. Rxd6 Ra1 44. Kd4 a4 45. Ra6 Rd1+ 46.
Ke5 b3 47. Ra7+ Kh6 48. Be6 g4 49. h4 Rf1 50. Rxa4 b2 51. Ra6 b1=Q 52. Ba2+ Kh5 53. Bxb1 Rxb1 54. Ra7 h6 55. Ke6 g3 56. Rg7 Kxh4 57. e5 Rb4 58. Kf5 Rb5 59. Rg6 h5 60. Kf4 Rb4+ 61. Kf5 Rg4 62. Rxg4+ hxg4 63. e6 g2 64. e7 g1=Q 65. e8=Q Qc5+ 66. Kg6 Qd6+ 67.
Kf5 Qd5+ 68. Kg6 Qh5+ 0-1